AoeStats
← squintremil

Oasis

509792899Analyzed
3v3 RM · 5d ago on Sep 28, 2026· 33m 53s· 6 players
Game mode
Random Map
Map size
Normal (6 player)
Population
200
Speed
Normal
Resources
Standard
Victory
Conquest
Starting age
Dark Age
Ending age
Imperial Age
RankedLock teamsTeams togetherTeam positionsShared explorationLock speedFull tech treeHidden civsTurbo modeCheats
Victory
Defeat
🇺🇸 Mongols · United States
1004
+13
🇺🇸 Varangians · United States
899
+18
🇺🇸 Vietnamese · United States
686
+30
🇺🇸 Bulgarians · United States
966
-20
🇺🇸 Italians · United States
938
-19
🇨🇱 Maya · Chile
901
-18
omarpvd
12:28 Feudal Age
13:16 Loom
14:55 Loom
17:56 Castle Age
25:01 Stone Mining
27:04 Wheelbarrow
squintremil
6:41 Loom
12:46 Feudal Age
20:10 Castle Age
31:02 Wheelbarrow
30:12 Town Watch
34:01 Hand Cart
33:38 Double-Bit Axe
Rareware
0:27 Loom
12:49 Feudal Age
13:24 Double-Bit Axe
13:03 Man-at-Arms
17:01 Scale Mail Armor
26:21 Castle Age
25:41 Forging
25:53 Fletching
26:05 Gold Mining
26:46 Crossbowman
27:23 Horse Collar
vilev
6:46 Loom
11:07 Feudal Age
12:02 Double-Bit Axe
16:47 Wheelbarrow
16:55 Wheelbarrow
16:09 Man-at-Arms
21:40 Horse Collar
23:58 Gold Mining
26:48 Bloodlines
32:08 Castle Age
34:39 Bow Saw
Purdue
6:02 Loom
8:48 Feudal Age
10:07 Double-Bit Axe
15:39 Horse Collar
21:30 Castle Age
19:51 Fletching
20:57 Padded Archer Armor
20:59 Gold Mining
22:10 Bloodlines
22:05 Scale Mail Armor
22:19 Thumb Ring
23:06 Husbandry
24:20 Arson
24:37 Squires
25:42 Bow Saw
28:24 Wheelbarrow
28:12 Pikeman
32:29 Chain Mail Armor
Serain
10:14 Feudal Age
10:43 Double-Bit Axe
12:49 Horse Collar
17:07 Bloodlines
19:40 Wheelbarrow
22:31 Castle Age
21:18 Scale Barding Armor
22:56 Stone Mining
23:36 Husbandry
24:00 Chain Barding Armor
25:33 Forging
29:04 Heavy Plow
32:07 Hand Cart
33:24 Iron Casting
36:44 Imperial Age
Connection lost

Rejoining the realm…

Still unreachable

The connection could not be restored.

Session expired

The server has moved on; the page needs a fresh start.